 Dungeon Crawl Stone Soup version 0.24-a0-439-g6dd8730 (webtiles) character file.

Game seed: 4581707637097945499

3116 r3xj the Archer (level 9, 0/71 HPs)
             Began as a Gnoll Hunter on June 18, 2019.
             Was a Priest of Okawaru.
             Slain by Erica
             ... wielding a +0 scimitar of flaming
              (2 damage)
             ... on level 9 of the Dungeon.
             The game lasted 00:23:49 (9000 turns).

r3xj the Archer (Gnoll Hunter)                      Turns: 9000, Time: 00:23:49

Health: 0/71       AC: 16    Str: 15    XL:     9   Next: 91%
Magic:  15/15      EV:  7    Int: 18    God:    Okawaru [***...]
Gold:   466        SH:  7    Dex: 16    Spells: 17/17 levels left

rFire    . . .     SeeInvis .   b - +3 dagger (flame)
rCold    + . .     Gourm    .   (no shield)
rNeg     . . .     Faith    .   n - +2 plate armour {rPois}
rPois    +         Spirit   .   M - +0 helmet
rElec    .         Reflect  +   (no cloak)
rCorr    .         Harm     .   E - +0 pair of gloves
MR       .....     Clarity  +   (no boots)
Stlth    ..........             g - +3 amulet of reflection
HPRegen  0.21/turn              i - ring of protection from cold
MPRegen  0.14/turn              G - +4 ring of intelligence

@: lethally poisoned (0 -> -1)
A: distributed training, fangs 1, large bone plates 1, clarity, weak 1, wild
magic 1, evolution 2, strong nose
a: Heroism, Renounce Religion


You were on level 9 of the Dungeon.
You worshipped Okawaru.
Okawaru was most pleased with you.
You were not hungry.

You visited 2 branches of the dungeon, and saw 10 of its levels.

You collected 466 gold pieces.

Inventory:

Hand Weapons
 a - a +1 shortbow
 b - a +3 dagger of flaming (weapon)
 o - a +0 short sword
 r - a +0 short sword of draining
Missiles
 d - 90 arrows
Armour
 c - a +0 leather armour
 n - a +2 plate armour of poison resistance (worn)
 E - a +0 pair of gloves (worn)
 M - a +0 helmet (worn)
Magical Staves
 x - an uncursed staff of air {unknown}
Jewellery
 g - a +3 amulet of reflection (around neck)
 i - a ring of protection from cold (left hand)
 w - a +3 ring of intelligence
 F - an uncursed ring of magical power
 G - a +4 ring of intelligence (right hand)
Wands
 A - a wand of polymorph (7)
 H - a wand of paralysis (7)
 L - a wand of acid (8)
Scrolls
 e - 2 scrolls of immolation {unknown}
 h - a scroll of blinking {unknown}
 k - 2 scrolls of fear {unknown}
 l - 3 scrolls of teleportation {unknown}
 m - 2 scrolls of noise {unknown}
 p - 4 scrolls of remove curse {unknown}
 q - 7 scrolls of identify {unknown}
 s - 2 scrolls of amnesia {unknown}
 u - a scroll of enchant armour {unknown}
 v - 3 scrolls of enchant weapon {unknown}
 y - 2 scrolls of fog {unknown}
 I - a scroll of magic mapping {unknown}
Potions
 j - 4 potions of curing
 t - 2 potions of flight {unknown}
 z - a potion of brilliance {unknown}
 B - 2 potions of heal wounds {unknown}
 C - 3 potions of invisibility {unknown}
 D - a potion of agility {unknown}
 J - 2 potions of mutation
 K - a potion of lignification {unknown}
Comestibles
 f - 13 rations


   Skills:
 + Level 6.6 Fighting
 + Level 4.6 Short Blades
 + Level 4.6 Long Blades
 + Level 4.6 Axes
 + Level 4.6 Maces & Flails
 + Level 4.6 Polearms
 + Level 4.6 Staves
 + Level 4.6 Slings
 + Level 9.7 Bows
 + Level 4.6 Crossbows
 + Level 4.6 Throwing
 + Level 4.6 Armour
 + Level 6.6 Dodging
 + Level 5.2 Stealth
 + Level 4.6 Shields
 + Level 4.6 Unarmed Combat
 + Level 4.6 Spellcasting
 + Level 3.8 Conjurations
 + Level 3.8 Hexes
 + Level 3.8 Charms
 + Level 3.8 Summonings
 + Level 3.8 Necromancy
 + Level 3.8 Translocations
 + Level 3.8 Transmutations
 + Level 3.8 Fire Magic
 + Level 3.8 Ice Magic
 + Level 3.8 Air Magic
 + Level 3.8 Earth Magic
 + Level 3.8 Poison Magic
 + Level 5.1 Invocations
 + Level 4.6 Evocations


You had 17 spell levels left.
You didn't know any spells.
Your spell library contained the following spells:

 Spells                   Type           Power        Failure   Level  Hunger
 Confusing Touch          Hex            ###...       92%         1    None
 Magic Dart               Conj           ###.         92%         1    None
 Blink                    Tloc           N/A          98%         2    #......
 Call Imp                 Summ           ###.....     98%         2    #......
 Slow                     Hex            ###.....     98%         2    #......
 Confuse                  Hex            ###.....     100%        3    ###....
 Conjure Flame            Conj/Fire      ###.....     100%        3    ###....
 Gell's Gravitas          Tloc           ###.......   100%        3    ###....
 Mephitic Cloud           Conj/Pois/Air  ###.....     100%        3    ###....
 Petrify                  Tmut/Erth      ###.....     100%        4    ####...
 Metabolic Englaciation   Hex/Ice        ###.......   100%        5    ######.
 Yara's Violent Unravell  Hex/Tmut       ###.......   100%        5    ######.


Dungeon Overview and Level Annotations

Branches:
Dungeon (9/15)             Temple (1/1) D:5
   Lair: D:8-11         Orc: D:9-12

Altars:
Ashenzari
Cheibriados
Dithmenos
Elyvilon
Fedhas
Gozag
Hepliaklqana
Kikubaaqudgha
Makhleb
Nemelex Xobeh
Okawaru
Qazlal
Ru
Sif Muna
Trog
Uskayaw
Vehumet
Wu Jian
Xom
Yredelemnul
Zin
The Shining One

Shops:
D:8 [

Annotations:
D:2 digging
D:5 3 runed translucent doors, Candollin's ghost, novice DsWn
D:9 Erica


Innate Abilities, Weirdness & Mutations

Your experience applies equally to all skills.
You have very sharp teeth.
Your uncanny sense of smell can sniff out nearby items.
You are partially covered in large bone plates. (SH +4)
You possess an exceptional clarity of mind.
You are weak. (Str -2)
Your spells are a little harder to cast, but a little more powerful.
You rapidly evolve.


Message History

You block Erica's attack.
You closely miss Erica.
Erica is almost dead.
You feel sick.
Erica hits you with a +0 scimitar of flaming.
* * * LOW HITPOINT WARNING * * *
Erica burns you.
* * * LOW HITPOINT WARNING * * *
All of the chunks of flesh in your inventory have rotted away.
You closely miss Erica.
Erica is almost dead.
You closely miss Erica.
Erica is almost dead.
You block Erica's attack.
You hit Erica. You bite Erica.
Erica is almost dead.
Erica hits you with a +0 scimitar of flaming.
* * * LOW HITPOINT WARNING * * *
Erica burns you.
You die...

..... .. #...# #.
#...# #. #...# #. .
#...# #. (.
#...####.# .. #.
(.. #........##
..####. ..(
#..@....... .......
#.. #.@#####...
>...... #...#..#
....... #.$.(..#
#............
#..###.#
#........)... #.
#.# #............ #
#.# #............
#.# #............
#.#####............


You could see Erica.

Vanquished Creatures
  An unseen horror (D:7)
  A hippogriff (D:8)
  A wyvern (D:8)
  A hungry ghost (D:7)
  2 phantoms
  2 ice beasts
  2 ogres (D:6)
  4 centaurs
  4 bullfrogs
  5 scorpions
  3 howler monkeys
  A crimson imp (D:7)
  A centaur zombie (D:9)
  4 hounds
  3 orc priests (D:5)
  An orc wizard (D:4)
  2 centaur skeletons
  An iguana (D:5)
  5 worker ants
  A worker ant zombie (D:8)
  A gnoll (D:1)
  A howler monkey zombie (D:7)
  8 adders
  2 shadow imps
  An adder zombie (D:8)
  2 adder skeletons
  A worm (D:3)
  A dart slug (D:3)
  2 leopard geckos (D:3)
  6 orcs
  A ball python (D:3)
  6 giant cockroaches
  5 goblins
  6 hobgoblins
  2 jackals (D:6)
  3 quokkas
  6 bats
  A frilled lizard (D:1)
  2 kobolds (D:3)
  2 leopard gecko skeletons (D:5)
  A leopard gecko zombie (D:6)
  A quokka zombie (D:5)
  4 rats
  A spectral orc (D:2)
111 creatures vanquished.

Vanquished Creatures (others)
  15 fungi (D:7)
15 creatures vanquished.

Grand Total: 126 creatures vanquished

Notes
Turn   | Place    | Note
-------+----------+-------------------------------------------
     0 | D:1      | r3xj the Gnoll Hunter began the quest for the Orb.
     0 | D:1      | Reached XP level 1. HP: 20/20 MP: 1/1
   118 | D:1      | Reached XP level 2. HP: 16/26 MP: 2/2
   869 | D:2      | Found a stormy altar of Qazlal.
   936 | D:2      | Found a hazy altar of Hepliaklqana.
   986 | D:2      | Found a sacrificial altar of Ru.
  1241 | D:2      | Found a white marble altar of Elyvilon.
  1263 | D:2      | Reached XP level 3. HP: 31/31 MP: 3/3
  1381 | D:2      | Found a glowing silver altar of Zin.
  1462 | D:2      | Found a basalt altar of Yredelemnul.
  1941 | D:3      | Reached skill level 1 in Invocations
  2118 | D:3      | Reached skill level 1 in Short Blades
  2118 | D:3      | Reached skill level 1 in Long Blades
  2118 | D:3      | Reached skill level 1 in Axes
  2118 | D:3      | Reached skill level 1 in Maces & Flails
  2118 | D:3      | Reached skill level 1 in Polearms
  2118 | D:3      | Reached skill level 1 in Staves
  2118 | D:3      | Reached skill level 1 in Slings
  2118 | D:3      | Reached skill level 1 in Crossbows
  2118 | D:3      | Reached skill level 1 in Throwing
  2118 | D:3      | Reached skill level 1 in Armour
  2118 | D:3      | Reached skill level 1 in Shields
  2118 | D:3      | Reached skill level 1 in Unarmed Combat
  2118 | D:3      | Reached skill level 1 in Spellcasting
  2118 | D:3      | Reached skill level 1 in Evocations
  2161 | D:3      | Reached XP level 4. HP: 38/38 MP: 5/5
  2469 | D:4      | Noticed an ice beast
  2481 | D:4      | Killed an ice beast
  2481 | D:4      | Reached skill level 1 in Conjurations
  2481 | D:4      | Reached skill level 1 in Hexes
  2481 | D:4      | Reached skill level 1 in Charms
  2481 | D:4      | Reached skill level 1 in Summonings
  2481 | D:4      | Reached skill level 1 in Necromancy
  2481 | D:4      | Reached skill level 1 in Translocations
  2481 | D:4      | Reached skill level 1 in Transmutations
  2481 | D:4      | Reached skill level 1 in Fire Magic
  2481 | D:4      | Reached skill level 1 in Ice Magic
  2481 | D:4      | Reached skill level 1 in Air Magic
  2481 | D:4      | Reached skill level 1 in Earth Magic
  2481 | D:4      | Reached skill level 1 in Poison Magic
  2481 | D:4      | Reached XP level 5. HP: 43/43 MP: 5/7
  2595 | D:4      | Reached XP level 6. HP: 46/50 MP: 8/8
  2940 | D:5      | Entered Level 5 of the Dungeon
  2945 | D:5      | Noticed a phantom
  3131 | D:5      | Reached skill level 5 in Fighting
  3131 | D:5      | Reached skill level 5 in Dodging
  3134 | D:4      | Gained mutation: Your body sometimes deteriorates upon
                  | taking damage. [potion of mutation]
  3134 | D:4      | Gained mutation: You are partially covered in slimy green
                  | scales. (AC +2) [potion of mutation]
  3134 | D:4      | Gained mutation: Your muscles are strong. (Str +2) [potion
                  | of mutation]
  3392 | D:4      | Lost mutation: Your muscles are strong. (Str +2) [potion of
                  | mutation]
  3392 | D:4      | Lost mutation: You are partially covered in slimy green
                  | scales. (AC +2) [potion of mutation]
  3392 | D:4      | Gained mutation: You have an increased reservoir of magic.
                  | (+10% MP) [potion of mutation]
  3392 | D:4      | Gained mutation: You evolve. [potion of mutation]
  3393 | D:4      | Lost mutation: Your body sometimes deteriorates upon taking
                  | damage. [potion of mutation]
  3393 | D:4      | Lost mutation: You have an increased reservoir of magic.
                  | (+10% MP) [potion of mutation]
  3393 | D:4      | Gained mutation: You are frail. (-10% HP) [potion of
                  | mutation]
  3393 | D:4      | Gained mutation: You rapidly evolve. [potion of mutation]
  3393 | D:4      | Gained mutation: You are partially covered in large bone
                  | plates. (SH +4) [potion of mutation]
  3393 | D:4      | Gained mutation: You possess an exceptional clarity of
                  | mind. [potion of mutation]
  3430 | D:4      | Reached XP level 7. HP: 31/50 MP: 10/10
  3708 | D:5      | Reached skill level 9 in Bows
  3882 | D:5      | Found a staircase to the Ecumenical Temple.
  3931 | D:5      | Found a runed translucent gate.
  3932 | D:5      | Found a runed translucent gate.
  3933 | D:5      | Found a runed translucent gate.
  3933 | D:5      | Noticed Candollin's ghost (novice DsWn)
  3976 | D:5      | HP: 2/50 [orc priest/nerve-wracking pain (8)]
  4294 | D:5      | Reached XP level 8. HP: 29/56 MP: 12/12
  4415 | D:5      | Lost mutation: You are frail. (-10% HP) [evolution]
  4754 | Temple   | Entered the Ecumenical Temple
  4917 | Temple   | Became a worshipper of Warmaster Okawaru
  4962 | D:6      | Found a blossoming altar of Fedhas.
  4963 | D:6      | Found a hide-covered altar of Uskayaw.
  5356 | D:6      | Noticed a +0 dagger
  5357 | D:6      | Noticed a +0 dagger
  5375 | D:6      | Reached * piety under Okawaru
  5652 | D:6      | Found a shattered altar of Ashenzari.
  5787 | D:6      | Gained mutation: Your spells are a little harder to cast,
                  | but a little more powerful. [evolution]
  6238 | D:7      | Reached XP level 9. HP: 69/69 MP: 14/14
  6273 | D:7      | Killed an unseen horror
  6273 | D:7      | Reached ** piety under Okawaru
  6708 | D:7      | Found an ancient bone altar of Kikubaaqudgha.
  6753 | D:7      | Found a burning altar of Makhleb.
  6754 | D:7      | Found a radiant altar of Vehumet.
  7449 | D:8      | Gained mutation: You are weak. (Str -2) [evolution]
  7493 | D:8      | Reached skill level 5 in Stealth
  7759 | D:8      | Found Dihyecku's Armour Shoppe.
  7768 | D:8      | Found a blossoming altar of Fedhas.
  7769 | D:8      | Found a glowing golden altar of the Shining One.
  8262 | D:8      | Reached skill level 5 in Invocations
  8680 | D:9      | Reached *** piety under Okawaru
  8938 | D:9      | Noticed Erica
  9000 | D:9      | HP: 2/71 [Erica/+0 scimitar of flaming (5)]
  9000 | D:9      | Slain by Erica

Levels and vault maps discovered:
D:1:      nagdon_arrival_double_spiral, layout_basic,
          chequers_serial_rivers_micro_b
D:2:      layout_loops_cross, lemuel_doored_altar,
          nicolae_ru_sacrificial_ziggurat, overflow_temple_1_default,
          old_standard_altar, yredelemnul_forgotten_temple_becter,
          nicolae_overflow_hidden_temple, dk_noncrumbling_2
D:3:      layout_loops_corners, first_ration, minivault_26, minmay_statues_item
D:4:      layout_cave_pools
D:5:      layout_cave_pools, minmay_temple_entry_crystal_x,
          gammafunk_ghost_split, kennysheep_generic_room_13
D:6:      layout_cave_pools, ashenzari_conservatory_becter,
          dancing_weapons_uskayaw, fedhas_altar_1
D:7:      old_forge, layout_basic, grunt_temple_overflow_lords_of_destruction,
          kiku_gazebo_garden_becter
D:8:      layout_layer_cave, chequers_temple_overflow_statue_of_worship,
          serial_shops, shop
D:9:      layout_long_grid, uniq_erica, uniq_joseph, uniq_erolcha
Temple:   chequers_temple_sunken

Skill      XL: |  1  2  3  4  5  6  7  8  9 |
---------------+----------------------------+-----
Invocations    | 1 2 3 4 5 |  5.1
Short Blades   | 1 2 3 4 |  4.6
Long Blades    | 1 2 3 4 |  4.6
Axes           | 1 2 3 4 |  4.6
Maces & Flails | 1 2 3 4 |  4.6
Polearms       | 1 2 3 4 |  4.6
Staves         | 1 2 3 4 |  4.6
Slings         | 1 2 3 4 |  4.6
Crossbows      | 1 2 3 4 |  4.6
Throwing       | 1 2 3 4 |  4.6
Armour         | 1 2 3 4 |  4.6
Shields        | 1 2 3 4 |  4.6
Unarmed Combat | 1 2 3 4 |  4.6
Spellcasting   | 1 2 3 4 |  4.6
Evocations     | 1 2 3 4 |  4.6
Conjurations   | 1 2 3 |  3.8
Hexes          | 1 2 3 |  3.8
Charms         | 1 2 3 |  3.8
Summonings     | 1 2 3 |  3.8
Necromancy     | 1 2 3 |  3.8
Translocations | 1 2 3 |  3.8
Transmutations | 1 2 3 |  3.8
Fire Magic     | 1 2 3 |  3.8
Ice Magic      | 1 2 3 |  3.8
Air Magic      | 1 2 3 |  3.8
Earth Magic    | 1 2 3 |  3.8
Poison Magic   | 1 2 3 |  3.8
Stealth        | 3 4 5 |  5.2
Fighting       | 5 6 |  6.6
Dodging        | 5 6 |  6.6
Bows           | 9 |  9.7

Action                   |  1- 3 |  4- 6 |  7- 9 || total
-------------------------+-------+-------+-------++-------
Melee: Dagger            |    13 |    67 |   275 ||   355
       Bite              |     1 |    12 |    43 ||    56
       Shortbow          |       |       |     1 ||     1
       Punch             |       |       |     5 ||     5
 Fire: Shortbow          |    57 |    44 |   189 ||   290
Invok: Heroism           |       |       |     1 ||     1
  Use: Potion            |       |     4 |       ||     4
  Eat: Chunk             |     4 |     3 |    10 ||    17
       Ration            |       |       |     3 ||     3
Armor: Leather armour    |     1 |       |       ||     1
       Plate armour      |     8 |    68 |   177 ||   253
Dodge: Dodged            |    11 |    29 |    59 ||    99
Block: Other             |     2 |    13 |    75 ||    90
       Reflection        |       |       |     3 ||     3

Table legend:
 A = Non-vault XP
 B = Vault XP
 C = Vault XP percentage of total XP
 D = Non-vault monster count
 E = Vault monster count
 F = Vault count percentage of total count
                 A         B        C        D         E       F
            +---------+---------+-------+---------+---------+-------
      Total |    4159 |     293 |   6.6 |     100 |      11 |   9.9
            +---------+---------+-------+---------+---------+-------
        D:1 |      26 |       0 |   0.0 |       8 |       0 |   0.0
        D:2 |       8 |       1 |  11.1 |       5 |       1 |  16.7
        D:3 |      96 |       0 |   0.0 |      22 |       0 |   0.0
        D:4 |     679 |       0 |   0.0 |      14 |       0 |   0.0
        D:5 |     493 |       0 |   0.0 |      16 |       0 |   0.0
        D:6 |     983 |       0 |   0.0 |      16 |       0 |   0.0
        D:7 |    1031 |     292 |  22.1 |       8 |      10 |  55.6
        D:8 |     621 |       0 |   0.0 |       6 |       0 |   0.0
        D:9 |     222 |       0 |   0.0 |       5 |       0 |   0.0
            +---------+---------+-------+---------+---------+-------
